 Dungeon Crawl Stone Soup version 0.28-a0-1227-ga9037bb4c8 (webtiles) character file.

Game seed: 12797925509885439363

39 ChaosChampion the Skirmisher (level 3, 0/37 HPs)
             Began as an Ogre Warper on Dec 22, 2021.
             Slain by a rat (1 damage)
             ... on level 2 of the Dungeon.
             The game lasted 00:01:12 (1711 turns).

ChaosChampion the Skirmisher (Ogre Warper)          Turns: 1711, Time: 00:01:13

Health: 0/37       AC:  3    Str: 15 (17) XL:     3   Next: 45%
Magic:  6/6        EV:  9    Int: 11 (14) God:
Gold:   29         SH:  0    Dex:  5 (8)  Spells: 6/6 levels left

rFire   . . .      SeeInvis .   a - +0 mace
rCold   . . .      Faith    .   (no shield)
rNeg    . . .      Spirit   .   b - +0 robe
rPois   .          Reflect  .   (helmet restricted)
rElec   .          Harm     .   (no cloak)
rCorr   .          Rampage  .   (gloves unavailable)
Will    .....                   (boots unavailable)
Stlth   +.........              (no amulet)
HPRegen 0.12/turn               (no ring)
MPRegen 0.10/turn               (no ring)

@: lethally poisoned (0 -> -2), attractive
A: large, unfitting armour, tough skin 1
a: no special abilities


You were on level 2 of the Dungeon.
You visited 1 branch of the dungeon, and saw 2 of its levels.

You collected 29 gold pieces.

Inventory:

Hand Weapons
 a - a +0 mace (weapon)
Missiles
 d - 5 boomerangs of dispersal
 i - 11 poisoned darts (quivered)
Armour
 b - a +0 robe (worn)
Jewellery
 g - a +4 ring of protection
 j - an amulet of guardian spirit
Scrolls
 c - a scroll of blinking
 k - a scroll of magic mapping {unknown}


   Skills:
 + Level 3.5 Fighting
 * Level 3.0 Maces & Flails
 - Level 1.0 Throwing
 - Level 2.1 Dodging
 - Level 2.4 Spellcasting
 - Level 2.6 Translocations


You had 6 spell levels left.
You didn't know any spells.
Your spell library contained the following spells:

 Spells                   Type           Power      Damage    Failure   Level
 Blink                    Tloc           14%        N/A       14%         2
 Gell's Gravitas          Tloc           7%         N/A       28%         3
 Lesser Beckoning         Tloc           7%         N/A       28%         3
 Teleport Other           Tloc           7%         N/A       28%         3
 Manifold Assault         Tloc           7%         N/A       95%         5


Dungeon Overview and Level Annotations

Branches:
Dungeon (2/15)

Altars:


Innate Abilities, Weirdness & Mutations

You are too large for most types of armour.
You have tough skin. (AC +1)


Message History

You feel very sick.
The dart slug bites you but does no damage.
You sock the dart slug!
The dart slug is almost dead.
You feel very sick. The rat closely misses you. The dart slug bites you.
You hit the dart slug but do no damage.
The dart slug is almost dead.
* * * LOW HITPOINT WARNING * * *
You feel very sick. The rat barely misses you.
The dart slug bites you but does no damage.
You hit the dart slug.
The dart slug is almost dead.
* * * LOW HITPOINT WARNING * * *
You feel very sick. The rat misses you.
The rat twitches its whiskers.
The rat bites you.
* * * LOW HITPOINT WARNING * * *
The dart slug bites you.
* * * LOW HITPOINT WARNING * * *
You hit the dart slug.
You kill the dart slug!
* * * LOW HITPOINT WARNING * * *
You feel sick. The rat bites you but does no damage.
Your Maces & Flails skill increases to level 3!
It was a potion of magic.
Magic courses through your body.
* * * LOW HITPOINT WARNING * * *
You feel sick. The rat barely misses you.
It was a potion of degeneration.
There was something very wrong with that liquid.
You feel weakened.
You feel dopey.
You feel clumsy.
* * * LOW HITPOINT WARNING * * *
You feel sick. The rat barely misses you.
It was a potion of attraction.
You feel attractive to monsters.
* * * LOW HITPOINT WARNING * * *
You feel sick. The rat bites you.
You die...

...........
..........#
..........#
..........#
#....>>...
.#.......##
.......r..#
......^@†.#
.......)..#
..........#
..........#
..........#
.##.......#
#####...#
#####


You could see a rat.

Vanquished Creatures
  2 dart slugs
  4 ball pythons (D:1)
  An endoplasm (D:1)
  A giant cockroach (D:1)
  2 goblins
  4 hobgoblins (D:1)
  4 jackals (D:1)
  5 bats (D:1)
  4 frilled lizards (D:1)
  A kobold (D:1)
  5 rats (D:1)
33 creatures vanquished.

Vanquished Creatures (others)
  A plant (D:1)
1 creature vanquished.

Grand Total: 34 creatures vanquished

Notes
Turn   | Place    | Note
-------+----------+-------------------------------------------
     0 | D:1      | ChaosChampion the Ogre Warper began the quest for the Orb.
     0 | D:1      | Reached XP level 1. HP: 22/22 MP: 3/3
   273 | D:1      | Reached XP level 2. HP: 26/31 MP: 5/5
   926 | D:1      | Reached XP level 3. HP: 17/37 MP: 6/6
  1711 | D:2      | HP: 1/37 [poisoned by a goblin]
  1711 | D:2      | Slain by a rat

Illustrated notes

Levels and vault maps discovered:
D:1:      wander_arrival_lonely_grave, layout_basic, serial_forest,
          infiniplex_forest_lined_ring, infiniplex_forest_clump_medium,
          infiniplex_forest_clump_double, infiniplex_forest_clump_small,
          infiniplex_forest_lined_3, infiniplex_forest_clump_tiny,
          infiniplex_forest_clump_C, infiniplex_forest_straight_1
D:2:      layout_rooms, shapermc_ecumenical_altar_notcrosses, minivault_11,
          grunt_ministairs_13

Skill      XL: |  1  2  3 |
---------------+----------+-----
Maces & Flails | 2 3 |  3.0
Fighting       | 3 |  3.5
Throwing       | |  1.0
Dodging        | |  2.1
Spellcasting   | |  2.4
Translocations | |  2.6

Action                   || total
-------------------------++-------
Melee: Mace              ||   127
Throw: Dart              ||     2
  Use: Potion            ||     3
Armor: Robe              ||    61
Dodge: Dodged            ||    64

Table legend: (Time is in decaauts)
 A = Elapsed time spent in this place.
 B = Non-inter-level travel time spent in this place.
 C = Inter-level travel time spent in this place.
 D = Time resting spent in this place.
 E = Time spent auto-exploring this place.
 F = Levels seen in this place.
 G = Mean time per level.
                   A        B        C        D        E       F      G
               +--------+--------+--------+--------+--------+-----+--------+
         Total |   1745 |   1709 |     36 |      0 |   1451 |   2 |  872.5 |
       Dungeon |   1745 |   1709 |     36 |      0 |   1451 |   2 |  872.5 |
               +--------+--------+--------+--------+--------+-----+--------+

Top non-repeatable levels by time:
     D:1: 1731 daAuts
     D:2: 13 daAuts
